 Dungeon Crawl Stone Soup version 0.28.0-45-g0d030f2227 (webtiles) character file.

Game seed: 3609942104779152552

130 seaoflcl the Skirmisher (level 5, 0/42 HPs)
             Began as a Human Fighter on Apr 23, 2022.
             Slain by a crimson imp (2 damage)
             ... summoned by Natasha
             ... on level 2 of the Dungeon.
             The game lasted 00:02:44 (2296 turns).

seaoflcl the Skirmisher (Human Fighter)             Turns: 2296, Time: 00:02:45

Health: 0/42       AC:  7    Str: 19    XL:     5   Next: 36%
Magic:  5/5        EV:  9    Int:  8    God:
Gold:   159        SH:  4    Dex: 12    Spells: 4/4 levels left

rFire   . . .      SeeInvis .   a - +0 long sword
rCold   . . .      Faith    .   c - +0 buckler
rNeg    . . .      Spirit   .   b - +0 scale mail
rPois   .          Reflect  .   (no helmet)
rElec   .          Harm     .   (no cloak)
rCorr   .          Rampage  .   (no gloves)
Will    .....                   (no boots)
Stlth   ..........              (no amulet)
HPRegen 0.14/turn               (no ring)
MPRegen 0.09/turn               (no ring)

@: slowed, very slow
A: no striking features
a: no special abilities


You were on level 2 of the Dungeon.
You visited 1 branch of the dungeon, and saw 3 of its levels.

You collected 159 gold pieces.

Inventory:

Hand Weapons
 a - a +0 long sword (weapon)
Missiles
 e - 50 sling bullets
Armour
 b - a +0 scale mail (worn)
 c - a +0 buckler (worn)
Scrolls
 h - a scroll of vulnerability {unknown}
 i - a scroll of teleportation {unknown}
 k - a scroll of identify {unknown}
 l - a scroll of torment {unknown}
Potions
 f - a potion of ambrosia {unknown}
 g - 2 potions of heal wounds {unknown}
 j - a potion of flight {unknown}


   Skills:
 + Level 3.8 Fighting
 + Level 3.4 Long Blades
 + Level 3.8 Armour
 + Level 0.2 Dodging
 + Level 3.3 Shields


You had 4 spell levels left.
You didn't know any spells.
Your spell library contained the following spells:

 Spells                   Type           Power      Damage    Failure   Level
 Beastly Appendage        Tmut           0%         N/A       86%         1
 Wereblood                Tmut           0%         N/A       94%         2
 Spider Form              Tmut/Pois      0%         N/A       99%         3


Dungeon Overview and Level Annotations

Branches:
Dungeon (3/15)

Altars:

Annotations:
D:2 Natasha


Message History

Natasha howls an incantation.
Natasha's front paws start to glow.
Natasha stares at you and mumbles some strange words.
You resist with some effort. The crimson imp barely misses you.
Natasha casts a spell at you. The magic dart hits you.
The crimson imp hits you but does no damage.
You hit Natasha but do no damage.
Natasha is moderately wounded.
Natasha claws you!
* * * LOW HITPOINT WARNING * * *
The crimson imp closely misses you. Natasha claws you but does no damage.
You closely miss Natasha.
Natasha is moderately wounded.
The crimson imp disappears in a puff of smoke!
Natasha hisses.
Natasha claws you.
* * * LOW HITPOINT WARNING * * *
The crimson imp hits you but does no damage.
Natasha casts a spell at you.
The magic dart hits you but does no damage.
You closely miss Natasha.
Natasha is moderately wounded.
The crimson imp hits you but does no damage.
Natasha closely misses you. The crimson imp closely misses you.
Natasha stares at you and mumbles some strange words.
You feel as though you will be slow longer.
You hit the crimson imp.
The crimson imp is moderately wounded.
The crimson imp completely misses you. Natasha claws you.
* * * LOW HITPOINT WARNING * * *
You block the crimson imp's attack.
Natasha mumbles some strange words.
You hit the crimson imp.
The crimson imp is moderately wounded.
The crimson imp barely misses you. Natasha claws you but does no damage.
The shadow imp hits you.
* * * LOW HITPOINT WARNING * * *
The crimson imp hits you.
You die...

### ...###
############ #
...###.....#.....##
####..#.............##
.....................#
....................>#
.......!.............#
...........(.....h...#
...............5@5...#
....................##
.......#....>......##
......#######.######
.......# #.#
.......######.#####
...........##.....##
...................##
....................#


You could see Natasha, a crimson imp (summoned) and a shadow imp (summoned).

Vanquished Creatures
  A hound (D:3)
  An orc wizard (D:2)
  A hound zombie (D:3)
  A hound skeleton (D:2)
  2 worms (D:2)
  2 dart slugs
  4 ball pythons
  4 bats
  2 endoplasms
  2 giant cockroaches (D:2)
  3 goblins
  2 hobgoblins
  2 jackals (D:2)
  3 quokkas
  4 frilled lizards
  A giant cockroach zombie (D:3)
  2 kobolds
  2 rats
39 creatures vanquished.

Vanquished Creatures (others)
  6 withered plants (D:3)
6 creatures vanquished.

Grand Total: 45 creatures vanquished

Notes
Turn   | Place    | Note
-------+----------+-------------------------------------------
     0 | D:1      | seaoflcl the Human Fighter began the quest for the Orb.
     0 | D:1      | Reached XP level 1. HP: 18/18 MP: 1/1
   224 | D:1      | Reached XP level 2. HP: 24/24 MP: 2/2
   262 | D:1      | Found a faded altar of an unknown god.
   977 | D:2      | Reached XP level 3. HP: 24/29 MP: 3/3
  1427 | D:2      | You fall into a shaft and drop 1 floor!
  1463 | D:3      | Reached XP level 4. HP: 31/35 MP: 4/4
  1641 | D:2      | Reached XP level 5. HP: 6/42 MP: 5/5
  1641 | D:2      | HP: 1/42 [worm (5)]
  2282 | D:2      | Noticed Natasha
  2296 | D:2      | HP: 2/42 [shadow imp[Natasha] (3)]
  2296 | D:2      | Slain by a crimson imp

Illustrated notes

Levels and vault maps discovered:
D:1:      shiori_shiawase, layout_loops_ring, basic_ecumenical_altar
D:2:      layout_rooms, uniq_natasha
D:3:      layout_loops_corners, serial_undead, serial_undead_c, serial_undead_f,
          serial_undead_e, serial_undead_b

Skill      XL: |  1  2  3 |
---------------+----------+-----
Long Blades    | 3 |  3.4
Fighting       | |  3.8
Armour         | |  3.8
Dodging        | |  0.2
Shields        | |  3.3

Action                   |  1- 3 |  4- 6 || total
-------------------------+-------+-------++-------
Melee: Long sword        |   106 |    52 ||   158
  Use: Potion            |       |     1 ||     1
Armor: Scale mail        |    62 |    34 ||    96
Dodge: Dodged            |    49 |    30 ||    79
Block: Buckler           |    19 |     9 ||    28
